Map: [TLMC 5] Cactus Valley

Players

jeannysu

  • Race: Zerg Zerg
  • Spawn Location: 11:00

치터 칸 (가장 어려움)

  • Race: Protoss Protoss
  • Spawn Location: 5:00

프로브

  • Race: Protoss Protoss
  • Spawn Location: 1:00

치터 칸 (자원)

  • Race: Zerg Zerg
  • Spawn Location: 7:00

VOD

Have the link to the VOD?

Description

Time

  • Played on: Oct. 3, 2025, 7:03 a.m.
  • Length: 10:02
Show
View Real Time Build Order
Export as new Build Order

jeannysu Zerg 

Build Orders: Hatch First 

Get SALT Encoding   

  12  0:01  Drone  
  13  0:12  Overlord  
  13  0:18  Drone  
  14  0:32  Drone x2  
  16  0:50  Hatchery  
  16  0:52  Drone  
  16  0:55  Drone  
  17  0:59  Drone  
  18  1:09  Extractor  
  17  1:15  Spawning Pool  
  16  1:19  Drone  
  16  1:22  Drone  
  18  1:28  Drone  
  19  1:43  Drone  
  20  1:52  Overlord  
  20  2:01  Queen  
  20  2:02  Queen  
  20  2:03  Zergling x2  
  20  2:06  Zergling x2  
  26  2:12  Overlord  
  26  2:23  Drone x2  
  26  2:25  Drone  
  29  2:32  Drone  
  30  2:37  Queen  
  30  2:44  Baneling Nest  
  31  2:49  Metabolic Boost  
  31  2:52  Drone  
  31  2:55  Drone  
  31  2:58  Drone  
  34  3:00  Drone  
  35  3:10  Zergling x6  
  38  3:21  Drone x5  
  38  3:25  Overlord  
  43  3:33  Evolution Chamber  
  42  3:37  Drone  
  42  3:38  Drone  
  44  3:43  Overlord  
  44  3:45  Overlord  
  44  3:49  Queen  
  46  4:01  Baneling x3  
  46  4:03  Zergling x8  
  46  4:04  Zergling x2  
  51  4:10  Drone  
  51  4:11  Drone  
  51  4:14  Drone x2  
  55  4:18  Zergling x6  
  58  4:28  Zerg Ground Armor Level 1  
  58  4:37  Extractor  
  57  4:49  Zergling x14, Hatchery  
  57  4:50  Zergling x4  
  65  5:02  Zergling x2  
  65  5:03  Zergling x8  
  63  5:13  Baneling x6  
  58  5:17  Extractor  
  57  5:22  Drone x2  
  57  5:27  Zergling x10  
  64  5:37  Baneling x5  
  64  5:40  Drone x2  
  62  6:00  Zergling x2  
  62  6:01  Zergling x8  
  61  6:10  Zergling x2  
  61  6:11  Zergling x12  
  63  6:15  Drone  
  63  6:16  Queen  
  65  6:25  Lair  
  65  6:30  Extractor  
  65  6:31  Zergling x8  
  67  6:37  Baneling x5  
  65  6:45  Drone  
  65  6:46  Drone x6  
  72  6:51  Overlord  
  72  6:59  Baneling x6  
  72  7:03  Zergling x4  
  72  7:05  Overlord x3, Hatchery  
  73  7:09  Zerg Melee Weapons Level 1  
  68  7:23  Zergling x2  
  68  7:24  Zergling x12  
  68  7:32  Zergling x2  
  68  7:33  Zergling x14  
  71  7:39  Baneling x3  
  71  7:41  Drone  
  71  7:42  Drone  
  72  7:45  Drone  
  73  7:51  Baneling  
  73  7:52  Baneling x6  
  73  7:53  Zergling x4  
  73  7:56  Zergling x6  
  78  8:07  Zergling x12  
  66  8:32  Infestation Pit  
  63  8:34  Drone x5  
  63  8:35  Drone  
  63  8:36  Drone x9  
  63  8:37  Queen  
  75  8:44  Drone x2  
  75  8:46  Extractor  
  75  8:47  Extractor  
  73  8:53  Hydralisk Den  
  73  8:54  Zergling x12  
  78  9:03  Zergling x12  
  80  9:12  Zergling x6  
  81  9:17  Zergling x2  
  81  9:18  Zergling x6  
  81  9:22  Baneling x4  
  80  9:24  Baneling x2  
  80  9:25  Baneling x2  
  80  9:27  Overlord  
  70  9:35  Zergling x2  
  70  9:36  Zergling x14  
  69  9:42  Zergling x2  
  69  9:43  Zergling x6  
Show
View Real Time Build Order
Export as new Build Order

치터 칸 (가장 어려움) Protoss 

Build Orders: Archon Immortal 

Get SALT Encoding   

  12  0:00  Probe  
  13  0:13  Probe  
  14  0:19  Pylon  
  14  0:25  Probe  
  15  0:33  Probe  
  15  0:41  Probe  
  15  0:42  Assimilator  
  16  0:46  Gateway  
  17  0:52  Probe  
  17  0:54  Pylon  
  18  1:00  Probe  
  19  1:08  Probe  
  19  1:18  Probe  
  20  1:24  Gateway  
  21  1:30  Probe  
  22  1:35  Pylon, Zealot  
  22  1:37  Cybernetics Core  
  24  1:42  Probe  
  25  1:54  Probe  
  26  2:02  Zealot  
  26  2:03  Probe  
  26  2:05  Gateway  
  29  2:12  Gateway  
  29  2:13  Adept  
  31  2:16  Warp Gate  
  31  2:24  Probe  
  31  2:26  Stalker  
  31  2:27  Pylon  
  31  2:29  Assimilator  
  34  2:36  Probe  
  35  2:43  Adept  
  37  2:46  Stalker  
  37  2:53  Pylon  
  37  2:56  Adept  
  37  2:58  Adept  
  43  3:05  Stalker  
  43  3:10  Stalker  
  47  3:21  Pylon  
  47  3:23  Stalker  
  47  3:25  Stalker  
  51  3:35  Adept  
  51  3:37  Stalker  
  51  3:40  Pylon  
  55  3:48  Stalker  
  55  3:52  Stalker  
  59  3:58  Probe  
  59  4:00  Robotics Facility  
  60  4:03  Twilight Council  
  60  4:06  Pylon  
  60  4:13  Stalker  
  60  4:15  Adept  
  64  4:25  Zealot  
  64  4:30  Zealot  
  64  4:31  Pylon  
  68  4:34  Nexus  
  68  4:36  Zealot  
  70  4:43  Templar Archives  
  70  4:49  Zealot  
  70  4:52  Zealot  
  74  4:57  Pylon  
  74  5:07  Zealot x2  
  78  5:18  Sentry  
  78  5:20  Forge  
  78  5:21  High Templar  
  82  5:24  High Templar  
  82  5:26  Forge  
  84  5:31  Sentry  
  86  5:36  Pylon  
  86  5:38  Archon  
  86  5:47  Probe x2  
  88  5:51  Zealot x2  
  88  5:53  High Templar  
  88  5:54  Assimilator  
  94  5:58  Assimilator  
  94  5:59  Probe  
  94  6:00  Probe  
  94  6:03  Nexus  
  96  6:09  High Templar  
  96  6:10  Probe  
  98  6:13  Probe  
  100  6:19  Probe  
  100  6:24  Archon  
  100  6:25  Probe, High Templar  
  102  6:27  Probe  
  102  6:28  Pylon  
  102  6:29  Zealot  
  102  6:31  Stalker  
  109  6:37  Probe  
  109  6:38  Probe  
  111  6:42  High Templar  
  113  6:49  Pylon, Probe, Stalker  
  113  6:50  Immortal, Probe  
  121  6:54  Stalker  
  121  6:56  Archon  
  123  7:01  Probe, High Templar  
  123  7:07  Probe  
  127  7:10  High Templar  
  127  7:13  Pylon, Probe  
  130  7:19  Probe x2, Stalker  
  134  7:23  Observer  
  134  7:24  Archon  
  134  7:25  Probe, High Templar  
  134  7:27  Assimilator  
  138  7:30  Assimilator  
  138  7:31  Probe  
  138  7:32  Probe  
  140  7:37  Pylon, Probe  
  140  7:38  High Templar  
  140  7:42  Immortal  
  140  7:43  Probe  
  148  7:49  Probe  
  148  7:51  Probe, Zealot x2  
  146  7:55  Probe, Protoss Ground Armor Level 1, Archon  
  146  7:57  Zealot  
  149  8:00  Pylon  
  149  8:02  Probe  
  150  8:07  Zealot  
  150  8:08  Pylon, Probe  
  153  8:12  Charge  
  153  8:13  Immortal  
  153  8:18  Probe x2, Zealot x2  
  153  8:19  Pylon, Sentry  
  161  8:20  Probe  
  166  8:30  Probe  
  166  8:32  Photon Cannon  
  167  8:36  Pylon  
  167  8:37  Probe  
  167  8:38  Probe  
  167  8:42  Probe  
  158  8:50  Probe  
  158  8:51  Probe, High Templar  
  158  8:52  Immortal, High Templar, Nexus  
  158  8:54  Probe  
  159  9:02  Probe  
  160  9:06  Probe  
  160  9:07  Probe  
  158  9:14  Probe  
  158  9:16  Photon Cannon  
  151  9:18  Photon Cannon  
  151  9:21  Photon Cannon, Zealot  
  151  9:22  Zealot  
  145  9:25  Photon Cannon  
  145  9:26  Stalker, Adept  
  145  9:30  Gateway  
  139  9:33  Photon Cannon  
  139  9:35  Adept  
  139  9:37  Pylon  
  143  9:41  Robotics Facility  
  143  9:43  Adept, Zealot  
  145  9:46  Forge  
  145  9:47  Sentry  
  145  9:51  Stargate  
  145  9:52  Stalker  
  149  9:59  Sentry  
  151  10:00  Photon Cannon  
Show
View Real Time Build Order
Export as new Build Order

프로브 Protoss 

Build Orders:  

Get SALT Encoding   

  12  0:00  Probe  
  13  0:12  Probe  
  14  0:22  Pylon  
  14  0:24  Probe  
  15  0:40  Probe  
  16  0:48  Gateway  
  16  0:54  Gateway  
  16  0:58  Assimilator  
  16  0:59  Probe  
  17  1:11  Probe  
  18  1:19  Probe  
  19  1:27  Probe  
  20  1:38  Probe  
  21  1:46  Nexus  
  21  1:57  Cybernetics Core  
  21  2:00  Cybernetics Core  
  21  2:07  Cybernetics Core  
  21  2:09  Pylon  
  21  2:10  Probe  
  22  2:18  Assimilator  
  22  2:22  Probe  
  23  2:27  Zealot  
  25  2:30  Probe  
  26  2:38  Probe  
  26  2:43  Warp Gate  
  27  2:49  Probe  
  30  2:53  Stalker  
  30  2:59  Probe  
  30  3:01  Probe  
  30  3:03  Pylon  
  32  3:10  Stalker  
  32  3:11  Probe  
  33  3:13  Probe  
  36  3:20  Robotics Facility  
  36  3:24  Probe  
  36  3:25  Probe  
  38  3:30  Sentry  
  40  3:36  Probe  
  40  3:37  Stalker  
  43  3:46  Twilight Council  
  43  3:47  Assimilator  
  43  3:48  Probe  
  44  3:50  Probe  
  45  4:00  Probe  
  45  4:02  Gateway, Probe  
  47  4:03  Stalker  
  47  4:08  Sentry  
  51  4:17  Assimilator  
  51  4:19  Probe x2  
  51  4:20  Observer  
  54  4:26  Pylon  
  54  4:34  Gateway, Warp Prism  
  54  4:36  Observer, Pylon, Gateway  
  56  5:06  Stalker x2  
  60  5:08  Stalker  
  60  5:11  Immortal  
  66  5:25  Probe x2  
  68  5:37  Probe x2  
  68  5:38  Nexus  
  70  5:56  Pylon  
  70  5:58  Pylon  
  70  5:59  Pylon  
  70  6:00  Pylon  
  70  6:09  Blink  
  70  6:11  Pylon  
  70  6:15  Pylon  
  70  6:16  Shield Battery  
  70  6:18  Forge  
  70  6:20  Forge  
  70  6:21  Probe x2  
  70  6:24  Stalker x2  
  76  6:30  Sentry  
  78  6:33  Probe x2  
  80  6:42  Stalker x2  
  80  6:46  Immortal  
  88  6:48  Probe  
  88  6:49  Probe  
  88  6:51  Probe  
  88  6:53  Protoss Ground Weapons Level 1  
  91  6:54  Protoss Ground Armor Level 1  
  91  6:59  Stalker  
  91  7:00  Stalker  
  95  7:01  Sentry  
  97  7:09  Probe x3  
  100  7:21  Probe x2  
  100  7:22  Probe  
  103  7:27  Immortal  
  107  7:30  Stalker  
  107  7:31  Stalker  
  109  8:01  Pylon  
  109  8:04  Stalker x3  
  109  8:05  Zealot x2  
  119  8:06  Gateway  
  119  8:07  Gateway  
  119  8:08  Probe x2  
  119  8:09  Assimilator  
  119  8:10  Gateway x2  
  119  8:12  Probe  
  122  8:16  Pylon  
  122  8:20  Probe  
  122  8:24  Immortal  
  99  8:59  Stalker x5  
  99  9:02  Pylon  
  105  9:03  Warp Prism  
  95  9:22  Probe  
  95  9:23  Assimilator  
  88  9:27  Zealot x5  
  88  9:29  Stalker x4  
  90  9:49  Pylon  
  90  9:51  Gateway, Stalker x2  
  90  9:52  Stalker x2  
Show
View Real Time Build Order
Export as new Build Order

치터 칸 (자원) Zerg 

Build Orders: Pool First 

Get SALT Encoding   

  12  0:01  Drone  
  13  0:12  Overlord  
  13  0:17  Drone  
  14  0:30  Drone x2  
  16  0:42  Spawning Pool  
  16  0:45  Drone  
  16  0:48  Drone  
  17  1:12  Drone, Hatchery  
  17  1:14  Extractor  
  17  1:16  Extractor  
  16  1:18  Drone  
  16  1:21  Drone  
  17  1:27  Drone  
  18  1:38  Drone  
  19  1:48  Overlord  
  19  1:51  Queen  
  21  1:59  Zergling x2  
  22  2:10  Drone  
  23  2:21  Drone  
  24  2:23  Drone  
  24  2:27  Queen  
  27  2:32  Drone  
  27  2:34  Drone  
  29  2:46  Roach Warren  
  29  2:48  Drone  
  29  2:51  Drone  
  29  2:54  Zergling x2  
  29  2:58  Zergling x2  
  32  3:03  Overlord  
  32  3:07  Drone  
  32  3:10  Drone  
  34  3:26  Roach x2  
  38  3:28  Roach  
  38  3:29  Roach  
  38  3:34  Lair  
  42  3:38  Overlord  
  42  3:43  Overlord  
  42  3:46  Zergling x2  
  43  3:49  Zergling x2  
  44  3:57  Zergling x2, Drone x2  
  44  3:59  Drone  
  44  4:01  Drone  
  49  4:04  Drone  
  49  4:08  Overlord  
  50  4:11  Roach  
  50  4:14  Roach  
  54  4:18  Roach  
  54  4:20  Roach  
  54  4:23  Overlord  
  58  4:29  Drone  
  58  4:30  Drone  
  60  4:33  Roach, Hydralisk Den  
  60  4:34  Drone  
  60  4:37  Roach  
  64  4:41  Overlord  
  64  5:00  Zergling x2  
  64  5:01  Drone, Hydralisk  
  64  5:02  Hydralisk x2  
  64  5:03  Drone  
  64  5:05  Hydralisk x2, Zergling x2  
  68  5:10  Drone  
  68  5:11  Infestation Pit  
  68  5:14  Drone  
  68  5:17  Drone  
  68  5:18  Drone  
  68  5:20  Drone  
  72  5:23  Drone  
  72  5:25  Overlord  
  73  5:33  Drone  
  74  5:36  Drone  
  74  5:41  Zergling x4, Drone, Evolution Chamber  
  77  5:44  Drone x2, Roach  
  77  5:45  Overlord  
  77  5:48  Drone  
  82  5:51  Hatchery  
  82  5:56  Drone  
  79  5:58  Drone  
  69  6:07  Roach  
  69  6:09  Roach  
  69  6:10  Zerg Missile Weapons Level 1  
  59  6:11  Hydralisk  
  59  6:12  Hydralisk, Drone, Infestor, Zergling x2  
  59  6:13  Zergling x2  
  59  6:18  Drone  
  67  6:20  Drone  
  68  6:29  Drone  
  68  6:30  Baneling Nest  
  68  6:31  Drone  
  69  6:36  Extractor  
  69  6:38  Extractor  
  69  6:39  Drone  
  68  6:42  Drone  
  68  6:44  Drone, Infestor  
  68  6:45  Zergling x2  
  73  6:50  Roach  
  73  6:54  Zergling x2  
  76  7:01  Drone  
  77  7:02  Drone  
  77  7:03  Ravager  
  77  7:04  Roach  
  81  7:12  Drone  
  81  7:13  Drone  
  81  7:14  Baneling, Ravager  
  81  7:15  Extractor  
  83  7:16  Drone, Zergling x2, Baneling, Roach  
  83  7:17  Overseer  
  84  7:22  Zergling x2  
  84  7:24  Roach  
  84  7:25  Hatchery  
  84  7:27  Roach  
  84  7:29  Extractor  
  75  7:33  Drone  
  75  7:34  Roach  
  72  7:38  Roach  
  72  7:43  Baneling  
  72  7:44  Zergling x2, Baneling x2  
  75  7:45  Zergling x2, Baneling  
  75  7:48  Zergling x6, Ravager  
  75  7:49  Roach  
  82  7:52  Spine Crawler  
  82  7:54  Spine Crawler  
  82  7:55  Roach  
  82  7:56  Roach  
  84  8:00  Glial Reconstitution, Roach  
  84  8:03  Evolution Chamber  
  84  8:04  Zerg Ground Armor Level 1  
  87  8:05  Roach  
  87  8:06  Baneling  
  87  8:07  Zergling x2  
  87  8:10  Zergling x2  
  89  8:13  Baneling  
  89  8:15  Evolution Chamber, Baneling  
  89  8:16  Zergling x2, Metabolic Boost, Baneling  
  89  8:17  Zergling x2  
  89  8:18  Baneling  
  89  8:19  Hydralisk, Infestor  
  90  8:20  Zergling x2  
  90  8:22  Zergling x2  
  88  8:27  Infestor, Roach  
  88  8:33  Zergling x2  
  90  8:34  Ravager  
  90  8:37  Zergling x2, Roach  
  90  8:39  Zergling x2  
  95  8:44  Drone, Baneling  
  95  8:47  Drone  
  95  8:48  Drone  
  98  8:49  Drone  
  98  8:50  Extractor  
  98  8:51  Drone, Overlord  
  98  8:52  Drone  
  101  8:55  Zergling x2  
  101  8:58  Drone  
  101  8:59  Drone  
  101  9:00  Drone  
  101  9:01  Extractor  
  103  9:06  Drone  
  103  9:08  Drone  
  103  9:09  Drone  
  106  9:10  Overlord  
  105  9:17  Drone  
  105  9:19  Drone  
  105  9:20  Drone  
  105  9:22  Drone, Hydralisk x2  
  105  9:23  Baneling  
  105  9:24  Zergling x2, Baneling  
  113  9:26  Spore Crawler  
  113  9:28  Zergling x2  
  113  9:29  Spore Crawler  
  113  9:30  Overlord  
  114  9:32  Zergling x2, Spine Crawler  
  114  9:35  Spine Crawler  
  106  9:39  Zergling x2  
  106  9:41  Zergling x2  
  106  9:42  Zergling x2  
  106  9:43  Drone  
  100  9:47  Baneling  
  100  9:50  Drone  
Tags
 
Add a new tag
Caveats
  • Supply blocks, unpowered buildings, or Contaminate may cause inaccurate times.
  • Supply counts are checked every 10 seconds.